 Dungeon Crawl Stone Soup version 0.30-a0-989-g0d87f670db (webtiles) character file.

Game seed: 3762869034092156207

22 Kenran the Ruffian (level 2, -3/26 HPs)
             Began as a Minotaur Monk on Apr 3, 2023.
             Slain by Sigmund
             ... wielding a +0 heavy scythe
              (16 damage)
             ... on level 2 of the Dungeon.
             The game lasted 00:02:01 (790 turns).

Kenran the Ruffian (Minotaur Monk)                   Turns: 790, Time: 00:02:02

Health: -3/26      AC:  8    Str: 15    XL:     2   Next: 68%
Magic:  1/1        EV:  7    Int:  7    God:
Gold:   95         SH:  0    Dex: 12    Spells: 1/1 levels left

rFire   . . .      SeeInvis .      - Unarmed
rCold   . . .      Faith    .    (no shield)
rNeg    + . .      Spirit   .    e - +0 chain mail
rPois   .          Reflect  .    (helmet restricted)
rElec   .          Rampage  .    (no cloak)
rCorr   +                        (no gloves)
Will    .....                    (no boots) Stlth
                                 (no amulet)
HPRegen 0.24/turn                c - ring of positive energy
MPRegen 0.07/turn                f - ring of resist corrosion

@: flying
A: horns 2, retaliatory headbutt
a: no special abilities


You were on level 2 of the Dungeon.
You visited 1 branch of the dungeon, and saw 2 of its levels.

You collected 95 gold pieces.

Inventory:

Armour
 e - a +0 chain mail (worn)
Jewellery
 c - a ring of positive energy (left hand)
 f - a ring of resist corrosion (right hand)
Scrolls
 a - a scroll of fog {unknown}
Potions
 b - a potion of ambrosia


   Skills:
 + Level 3.6 Fighting
 - Level 3.2 Dodging
 - Level 1.5 Stealth
 + Level 4.4 Unarmed Combat


You had one spell level left.
You didn't know any spells.
Your spell library contained the following spells:

 Spells                   Type           Power      Damage    Failure   Level
 Dazzling Flash           Conj/Hex       0%         N/A       100%        3
 Agony                    Necr           0%         N/A       100%        5
 Silence                  Hex/Air        0%         N/A       100%        5


Dungeon Overview and Level Annotations

Branches:
Dungeon (2/15)

Altars:

Shops:
D:1 :

Annotations:
D:2 Sigmund


Innate Abilities, Weirdness & Mutations

You have a pair of horns on your head.
You reflexively headbutt those who attack you in melee.


Message History

The giant cockroach barely misses you.
You punch the giant cockroach!
You kill the giant cockroach!
No target in view!
Found a sling.
You open the door.
There is an open door here.
Done exploring.
Done exploring.
Okay, then.
f - a ring of resist corrosion (right hand)
There is a stone staircase leading down here.
You climb downwards.
There is a stone staircase leading up here.
Sigmund the Dreaded comes into view.
He is wielding a +0 heavy scythe.
Sigmund shouts!
You hear an angry hiss.
It was a potion of flight.
You feel very buoyant.
You fly up into the air.
Sigmund barely misses you. You furiously retaliate!
You headbutt Sigmund! You barely miss Sigmund.
Sigmund is heavily wounded.
You hit Sigmund but do no damage. Your headbutt misses Sigmund.
Sigmund is heavily wounded.
You barely miss Sigmund. You punch Sigmund.
Sigmund is severely wounded.
A bat comes into view.
Sigmund hits you with a +0 heavy scythe!
Ouch! That really hurt!
The bat moves out of view.
You are too injured to fight recklessly!
You are too injured to fight recklessly!
You hit Sigmund.
Sigmund is severely wounded.
An adder comes into view.
You hit Sigmund.
Sigmund is almost dead.
Sigmund hits you with a +0 heavy scythe!
Ouch! That really hurt!
You die...

# ...
#####..b..
#.@@S.....
#.###.####
#.# ###.#
#...# #.###
#.# ##.##
####...####


You could see Sigmund, an adder and a bat.

Vanquished Creatures
  A dart slug (D:1)
  3 endoplasms (D:1)
  A giant cockroach (D:1)
  A hobgoblin (D:1)
  2 quokkas (D:1)
  4 ball pythons (D:1)
  4 frilled lizards (D:1)
  A goblin (D:1)
  2 kobolds (D:1)
19 creatures vanquished.

Notes
Turn   | Place    | Note
-------+----------+-------------------------------------------
     0 | D:1      | Kenran the Minotaur Monk began the quest for the Orb.
     0 | D:1      | Reached XP level 1. HP: 19/19 MP: 0/0
   128 | D:1      | Found Egalaup's Book Boutique.
   197 | D:1      | Reached XP level 2. HP: 26/26 MP: 1/1
   207 | D:1      | Reached skill level 4 in Unarmed Combat
   783 | D:2      | Noticed Sigmund
   790 | D:2      | Slain by Sigmund

Illustrated notes

Levels and vault maps discovered:
D:1:      dpeg_arrival_snail, layout_basic, serial_shops, shop,
          palyth_stone_intersect
D:2:      layout_loops_ring, basic_altar, uniq_sigmund, uniq_natasha

Skill      XL: |  1  2 |
---------------+-------+-----
Unarmed Combat | 4 |  4.4
Fighting       | |  3.6
Dodging        | |  3.2
Stealth        | |  1.5

Action                     || total
---------------------------++-------
  Melee: Unarmed           ||    59
         Headbutt          ||     7
         Punch             ||     3
    Use: Potion            ||     1
 Armour: Chain mail        ||    18
         Robe              ||     3
  Dodge: Dodged            ||    23

Table legend: (Time is in decaauts)
 A = Elapsed time spent in this place.
 B = Non-inter-level travel time spent in this place.
 C = Inter-level travel time spent in this place.
 D = Time resting spent in this place.
 E = Time spent auto-exploring this place.
 F = Levels seen in this place.
 G = Mean time per level.
                   A        B        C        D        E       F      G
               +--------+--------+--------+--------+--------+-----+--------+
         Total |    784 |    763 |     21 |      0 |    547 |   2 |  392.0 |
       Dungeon |    784 |    763 |     21 |      0 |    547 |   2 |  392.0 |
               +--------+--------+--------+--------+--------+-----+--------+

Top non-repeatable levels by time:
     D:1: 760 daAuts
     D:2: 24 daAuts
